Map: Atlas Station

Players

Ecrotoss - Winner!

  • Race: Protoss Protoss
  • Spawn Location: 12:00

SneakyWolfe

  • Race: Zerg Zerg
  • Spawn Location: 9:00

CBagRun

  • Race: Zerg Zerg
  • Spawn Location: 6:00

HORSES

  • Race: Zerg Zerg
  • Spawn Location: 6:00

VOD

Have the link to the VOD?

Description

Time

  • Played on: Dec. 13, 2021, 1:59 a.m.
  • Length: 29:02
Show
View Real Time Build Order
Export as new Build Order

Ecrotoss Protoss - Winner!

Build Orders:  

Get SALT Encoding   

  12  0:00  Probe  
  13  0:12  Probe  
  14  0:18  Assimilator  
  14  0:24  Probe  
  15  0:31  Pylon  
  15  0:37  Pylon  
  15  0:49  Probe  
  16  1:01  Probe  
  17  1:13  Probe  
  17  1:14  Pylon  
  18  1:26  Nexus  
  18  1:31  Pylon  
  18  1:35  Probe  
  19  1:47  Probe (Chrono Boost)  
  20  1:54  Gateway  
  20  1:59  Probe (Chrono Boost)  
  21  2:08  Probe (Chrono Boost)  
  22  2:13  Forge, Probe  
  23  2:34  Assimilator  
  23  2:43  Probe  
  24  2:50  Pylon  
  24  2:54  Pylon  
  24  2:55  Probe  
  25  3:07  Probe, Cybernetics Core  
  26  3:17  Protoss Ground Armor Level 1  
  26  3:19  Probe  
  27  3:32  Probe (Chrono Boost)  
  28  3:38  Assimilator  
  29  3:42  Probe (Chrono Boost)  
  29  3:43  Assimilator  
  29  3:46  Pylon  
  29  3:47  Pylon  
  29  3:50  Pylon  
  29  3:52  Pylon, Warp Gate (Chrono Boost)  
  29  4:04  Probe  
  29  4:07  Probe  
  31  4:10  Stalker (Chrono Boost)  
  31  4:16  Probe  
  34  4:19  Probe  
  35  4:31  Probe  
  35  4:32  Adept (Chrono Boost), Gateway  
  35  4:36  Pylon  
  38  4:41  Stargate  
  38  4:47  Twilight Council  
  38  4:54  Robotics Facility  
  38  5:00  Adept (Chrono Boost)  
  38  5:01  Probe  
  41  5:09  Probe  
  42  5:17  Probe  
  42  5:18  Protoss Ground Armor Level 2  
  43  5:21  Adept (Chrono Boost)  
  45  5:33  Phoenix (Chrono Boost)  
  47  5:51  Phoenix (Chrono Boost)  
  49  5:59  Photon Cannon  
  49  6:01  Photon Cannon  
  49  6:04  Photon Cannon  
  49  6:05  Photon Cannon  
  49  6:15  Pylon  
  49  6:22  Pylon  
  49  6:50  Probe  
  50  7:03  Probe  
  50  7:05  Sentry  
  50  7:08  Stalker  
  55  7:15  Probe  
  56  7:26  Void Ray (Chrono Boost)  
  56  7:45  Stalker x2  
  60  7:54  Nexus  
  60  7:56  Void Ray  
  64  8:07  Gateway  
  64  8:10  Gateway  
  64  8:11  Gateway  
  64  8:12  Gateway  
  64  8:15  Gateway  
  64  8:18  Observer (Chrono Boost)  
  65  8:26  Protoss Ground Weapons Level 1 (Chrono Boost)  
  65  8:34  Observer (Chrono Boost), Void Ray  
  65  8:36  Pylon  
  70  8:44  Pylon  
  70  8:51  Immortal  
  66  9:11  Void Ray  
  70  9:22  Stargate  
  70  9:23  Stargate  
  70  9:30  Immortal  
  74  9:44  Pylon  
  74  9:55  Shield Battery  
  74  9:58  Adept x2  
  74  9:59  Adept  
  80  10:04  Adept  
  80  10:05  Adept x2  
  86  10:07  Adept  
  88  10:18  Probe  
  89  10:30  Probe  
  90  10:42  Probe  
  91  10:54  Probe  
  92  11:05  Stalker x4  
  92  11:06  Probe  
  92  11:07  Zealot x3  
  93  12:09  Zealot x4  
  93  12:10  Zealot x3  
  93  12:13  Protoss Ground Weapons Level 2 (Chrono Boost)  
  99  12:56  Forge  
  97  12:59  Forge  
  97  13:17  Probe  
  98  13:23  Void Ray x3  
  90  13:29  Probe  
  103  13:39  Protoss Ground Armor Level 3 (Chrono Boost)  
  103  13:41  Probe  
  103  13:43  Protoss Shields Level 1 (Chrono Boost)  
  104  13:53  Probe  
  105  14:00  Void Ray x3  
  105  14:03  Robotics Bay  
  105  14:09  Templar Archives  
  117  14:10  Charge  
  117  14:16  Stargate  
  117  14:47  Immortal  
  117  14:55  Nexus  
  121  15:26  Immortal  
  121  15:52  Assimilator  
  121  16:03  Fleet Beacon  
  121  16:06  Pylon  
  121  16:08  Pylon  
  121  16:10  Pylon  
  121  16:12  Pylon  
  121  16:16  Zealot  
  121  16:17  Zealot x6  
  135  16:21  Protoss Ground Weapons Level 3 (Chrono Boost)  
  135  16:23  Protoss Shields Level 2 (Chrono Boost)  
  135  16:59  Zealot  
  135  17:00  Zealot x4  
  145  17:05  High Templar x2  
  149  17:10  Archon  
  143  18:06  High Templar x4  
  143  18:09  Zealot x3  
  147  18:16  Archon  
  147  18:17  Archon  
  135  18:41  Zealot x6  
  139  18:42  Zealot  
  125  19:34  Void Ray  
  125  19:35  Void Ray x2  
  121  19:51  High Templar  
  123  19:54  Zealot  
  123  19:55  Zealot x5  
  135  20:12  Void Ray x3  
  135  20:19  Assimilator  
  147  20:25  Nexus  
  147  20:27  Assimilator  
  147  20:32  Assimilator  
  139  20:49  Void Ray x3  
  125  21:04  Probe  
  125  21:05  Assimilator  
  125  21:07  Assimilator  
  126  21:16  Probe, High Templar  
  129  21:19  Zealot x4  
  129  21:20  Zealot x2  
  141  21:26  Void Ray x3  
  141  21:28  Probe  
  154  21:39  Archon  
  154  21:43  Zealot  
  154  21:44  Zealot x5  
  166  22:02  Photon Cannon  
  166  22:03  Void Ray x3, Photon Cannon  
  166  22:04  Protoss Shields Level 3  
  166  22:14  Cybernetics Core  
  178  22:19  Protoss Air Weapons Level 1 (Chrono Boost)  
  178  22:46  Carrier x2  
  190  23:32  Zealot x3  
  190  23:33  Zealot x3  
  156  24:04  Carrier  
  156  24:05  Carrier x2  
  172  24:22  Zealot x6  
  172  24:23  Zealot  
  166  25:12  Carrier  
  166  25:13  Carrier x2  
  158  26:06  High Templar x2  
  158  26:07  High Templar x3  
  158  26:08  High Templar  
  158  26:11  Zealot  
  164  26:14  Archon  
  148  26:34  Zealot  
  148  26:37  Archon  
  148  26:38  Archon  
  150  27:00  Zealot x5  
  150  27:01  Zealot x2  
  164  27:07  Void Ray x3  
  176  27:23  Zealot x2  
  176  27:24  Zealot x5  
  190  27:44  Void Ray x2  
Show
View Real Time Build Order
Export as new Build Order

SneakyWolfe Zerg 

Build Orders: 3 Hatch before Pool 

Get SALT Encoding   

  12  0:58  Hatchery  
  11  1:05  Drone x3  
  14  1:34  Overlord  
  14  1:36  Overlord  
  14  1:45  Hatchery  
  13  2:18  Drone  
  12  2:40  Drone, Spawning Pool  
  11  3:11  Overlord  
  11  3:14  Drone  
  11  3:15  Drone  
  13  3:28  Zergling x12  
  19  3:38  Extractor  
  19  3:39  Extractor  
  15  4:12  Drone x4  
  15  4:14  Zergling x4  
  21  4:39  Queen  
  23  4:52  Overlord x2  
  23  4:53  Overlord  
  23  4:57  Drone  
  23  4:58  Drone x2  
  18  5:53  Zergling x4  
  18  5:54  Zergling x8  
  7  6:19  Zergling x4  
Show
View Real Time Build Order
Export as new Build Order

CBagRun Zerg 

Build Orders: Pool First 

Get SALT Encoding   

  12  0:03  Drone  
  13  0:17  Overlord  
  13  0:36  Spawning Pool  
  12  0:44  Extractor  
  12  0:49  Drone x2  
  13  0:50  Extractor  
  12  1:09  Drone  
  12  1:10  Drone  
  15  1:18  Drone  
  15  1:22  Drone  
  15  1:23  Queen  
  18  1:34  Zergling x2  
  19  1:43  Drone  
  19  1:44  Evolution Chamber  
  19  2:02  Drone  
  19  2:05  Zergling x2  
  21  2:35  Zergling x2  
  22  2:38  Overlord  
  22  2:39  Overlord  
  22  2:57  Zergling x2  
  22  2:58  Zergling x4  
  26  3:05  Drone x2  
  26  3:06  Drone  
  26  3:10  Zerg Ground Armor Level 1  
  27  4:10  Zergling x2  
  27  4:11  Zergling x10  
  33  4:18  Metabolic Boost  
  33  4:23  Zergling x2  
  34  4:32  Spine Crawler  
  34  4:36  Spine Crawler  
  34  4:37  Drone x4  
  36  4:46  Overlord  
  36  5:04  Zerg Melee Weapons Level 1  
  36  5:10  Hatchery  
  30  5:38  Zergling x8  
  32  6:11  Zergling x2  
  32  6:12  Zergling x6  
  31  6:26  Zergling x2  
  31  6:31  Queen  
  31  6:32  Zergling x2  
  34  6:35  Zergling x2  
  35  6:58  Zerg Missile Weapons Level 1  
  35  6:59  Zergling x2  
  35  7:00  Zergling x8  
  40  7:17  Drone x3  
  43  7:44  Drone  
  43  7:45  Drone x5  
  49  7:53  Extractor  
  49  7:55  Extractor  
  49  7:57  Drone  
  48  8:01  Lair  
  48  8:22  Drone x3  
  51  8:27  Overlord  
  51  8:30  Overlord x2  
  51  8:31  Overlord x3  
  51  9:45  Spire  
  50  10:08  Hatchery  
  50  10:10  Drone x2  
  50  10:11  Drone x3  
  54  10:18  Drone x4  
  58  10:22  Hatchery  
  57  10:36  Zerg Ground Armor Level 2  
  57  10:59  Zerg Flyer Armor Level 1  
  57  11:01  Mutalisk  
  57  11:02  Mutalisk x10  
  79  11:05  Mutalisk  
  79  11:06  Mutalisk  
  79  11:07  Mutalisk x6  
  95  11:28  Overlord x2  
  95  11:32  Overlord x2  
  95  11:50  Drone  
  95  11:53  Queen  
  98  11:55  Queen  
  98  11:57  Drone x3  
  98  12:00  Drone x4  
  98  12:01  Drone x3  
  110  12:05  Drone x3  
  110  12:06  Drone  
  114  12:30  Infestation Pit  
  113  12:46  Overlord x3  
  113  12:47  Drone x2  
  115  12:51  Zerg Melee Weapons Level 2  
  115  12:55  Overlord x2  
  115  12:56  Drone x2  
  117  13:03  Extractor  
  116  13:13  Extractor  
  115  13:21  Extractor  
  115  13:25  Extractor  
  113  14:07  Queen  
  115  14:15  Mutalisk x8  
  131  14:19  Zergling x8  
  131  14:20  Zergling x4  
  131  14:22  Drone  
  131  14:23  Drone x7  
  145  15:07  Zerg Missile Weapons Level 2  
  118  16:31  Hatchery  
  117  16:37  Corruptor x2  
  117  16:38  Corruptor x4  
  129  16:42  Hive  
  129  16:45  Corruptor x7  
  143  16:47  Corruptor  
  143  16:48  Corruptor x5  
  143  16:50  Corruptor x3  
  143  16:51  Corruptor x9  
  168  17:36  Zergling x8  
  168  17:37  Zergling x4  
  173  17:51  Mutalisk  
  170  18:10  Spine Crawler  
  169  18:13  Spine Crawler  
  165  18:26  Hatchery  
  150  19:30  Zergling x12  
  154  19:36  Mutalisk  
  154  19:37  Mutalisk x2  
  158  19:41  Queen  
  160  20:00  Lair  
  90  20:59  Zergling x2  
  90  21:00  Zergling x4  
  93  21:06  Zergling x12  
  99  21:16  Mutalisk  
  99  21:17  Mutalisk x3  
  107  21:21  Mutalisk x2  
  111  21:26  Mutalisk x2  
  98  21:56  Zergling x2  
  98  21:57  Zergling x8  
  100  22:01  Zergling x2  
  100  22:02  Zergling x10  
  83  22:19  Spine Crawler  
  69  22:36  Lair  
  68  22:56  Hatchery  
  67  23:01  Extractor  
  67  23:05  Extractor  
  59  23:21  Zergling x12  
  63  23:31  Spine Crawler  
Show
View Real Time Build Order
Export as new Build Order

HORSES Zerg 

Build Orders: Hatch First 

Get SALT Encoding   

  12  0:04  Drone  
  13  0:13  Overlord  
  13  0:25  Drone  
  13  0:27  Overlord  
  14  0:32  Drone  
  15  0:56  Hatchery  
  14  0:58  Drone  
  14  1:01  Drone  
  16  1:27  Drone x2  
  18  1:33  Spawning Pool  
  17  1:43  Extractor  
  17  1:44  Overlord  
  17  1:45  Overlord  
  16  1:54  Drone  
  17  2:08  Drone  
  18  2:10  Drone  
  18  2:12  Drone  
  20  2:34  Queen  
  22  2:40  Drone x2  
  22  2:43  Drone x3  
  27  2:49  Drone  
  28  3:04  Extractor  
  27  3:09  Queen  
  29  3:15  Zergling x4  
  29  3:18  Zergling x6  
  34  3:25  Drone  
  35  3:41  Lair  
  35  3:54  Drone x3  
  38  3:56  Drone x6  
  44  4:18  Extractor  
  43  4:31  Drone  
  43  4:35  Overlord x2  
  44  4:39  Metabolic Boost  
  44  4:56  Queen  
  46  5:01  Zergling x2  
  46  5:02  Zergling x4  
  46  5:04  Drone x2  
  46  5:05  Drone x3  
  54  5:07  Drone, Zergling x4  
  57  5:26  Zergling x6  
  60  5:35  Overlord  
  60  5:41  Overlord  
  60  5:42  Overlord x2  
  60  5:56  Queen  
  60  6:01  Overlord x3  
  60  6:02  Overlord  
  62  6:08  Overlord x3  
  62  6:11  Drone x2  
  62  6:16  Zergling x8  
  68  6:32  Queen  
  70  7:11  Hatchery  
  58  9:04  Zergling x12  
  58  9:05  Zergling x12  
  58  9:08  Zergling x10  
  58  9:09  Zergling x6  
  78  9:43  Drone x3  
  81  10:06  Infestation Pit  
  80  10:10  Zergling x2  
  80  10:11  Zergling x12  
  80  10:12  Evolution Chamber  
  86  10:17  Evolution Chamber  
  85  10:30  Zergling x2  
  86  10:43  Evolution Chamber  
  86  10:44  Zerg Melee Weapons Level 1  
  86  10:45  Zerg Missile Weapons Level 1  
  86  10:48  Roach Warren  
  84  11:08  Zergling x4  
  84  11:09  Zergling x6  
  89  11:13  Spire  
  82  11:51  Roach x7  
  96  11:58  Roach x8  
  96  11:59  Roach x8  
  96  12:00  Roach x3  
  132  12:09  Glial Reconstitution  
  128  12:41  Corruptor x5  
  135  12:46  Zerg Flyer Weapons Level 1  
  135  12:48  Corruptor x4  
  136  13:37  Queen  
  138  13:45  Corruptor x5, Hatchery  
  147  14:07  Overlord x4  
  147  14:24  Queen  
  149  14:43  Mutalisk x5  
  149  14:44  Mutalisk x2  
  163  14:58  Zerg Flyer Armor Level 1  
  163  15:00  Queen  
  163  15:01  Zerg Melee Weapons Level 2  
  163  15:03  Zerg Missile Weapons Level 2  
  163  15:06  Zerg Ground Armor Level 1  
  165  15:21  Corruptor x4  
  165  15:23  Mutalisk  
  170  15:36  Queen  
  150  16:36  Drone x3  
  153  16:41  Hive  
  153  17:35  Extractor  
  152  17:38  Spore Crawler  
  152  17:42  Spore Crawler  
  150  17:46  Spore Crawler  
  149  17:59  Spine Crawler  
  149  18:01  Corruptor x2, Spine Crawler  
  149  18:02  Corruptor x4  
  159  18:07  Zerg Flyer Weapons Level 2  
  159  18:11  Zerg Ground Armor Level 2  
  159  18:13  Zerg Missile Weapons Level 3  
  159  18:33  Roach x3  
  165  18:48  Extractor  
  164  18:51  Extractor  
  163  19:27  Overlord x4, Hatchery  
  163  19:28  Overlord x3  
  162  19:33  Extractor x2  
  160  19:53  Mutalisk x3  
  148  20:23  Zerg Flyer Armor Level 2  
  135  20:30  Corruptor x3  
  82  22:13  Roach x2  
  82  22:14  Roach  
  74  22:28  Roach x5  
  76  22:31  Zerg Melee Weapons Level 3  
  62  22:46  Hydralisk Den  
  61  23:05  Drone x3  
  64  23:07  Drone  
  64  23:11  Drone  
  66  23:24  Corruptor x2  
  70  24:08  Hatchery  
  69  24:13  Hatchery  
  69  24:16  Corruptor  
  69  24:17  Corruptor x2  
  74  24:26  Roach x4  
  74  24:27  Roach  
  80  25:41  Zergling x10  
  80  25:42  Zergling x18  
  86  25:43  Zergling x10  
  71  25:50  Corruptor x3  
  71  25:51  Corruptor x3  
  71  25:56  Zergling x6  
  74  26:00  Zergling x6  
  61  26:12  Zergling x8  
  61  26:13  Zergling x10  
  61  26:14  Corruptor x3  
  76  26:42  Zergling x14  
  76  26:45  Zergling x6  
  76  26:46  Zergling x2  
  87  27:20  Drone x3  
  90  27:26  Zergling x2  
  90  27:27  Zergling x4  
  93  27:32  Roach x4  
  93  27:34  Hydralisk x3  
  93  27:35  Hydralisk x3  
  113  28:15  Hydralisk Den  
  113  28:16  Hydralisk x4  
  113  28:19  Zergling x4  
  122  28:25  Zergling x12  
  128  28:30  Corruptor x2  
Tags
 
Add a new tag
Caveats
  • Supply blocks, unpowered buildings, or Contaminate may cause inaccurate times.
  • Supply counts are checked every 10 seconds.